 Dungeon Crawl Stone Soup version 0.29.0-11-gd7f09526c8 (webtiles) character file.

Game seed: 644059980300921191

373 wakxed the Stinger (level 6, -6/41 HPs)
             Began as a Demonspawn Venom Mage on Sept 3, 2022.
             Mangled by Crazy Yiuf
             ... wielding a +3 quarterstaff of chaos
              (14 damage)
             ... on level 3 of the Dungeon.
             The game lasted 00:18:38 (3916 turns).

wakxed the Stinger (Demonspawn Venom Mage)          Turns: 3916, Time: 00:18:38

Health: -6/41      AC:  4    Str:  9    XL:     6   Next: 43%
Magic:  9/11       EV: 16    Int: 20    God:
Gold:   98         SH:  0    Dex: 13    Spells: 2/12 levels left

rFire   . . .      SeeInvis .   f - +0 dagger
rCold   . . .      Faith    .   (no shield)
rNeg    . . .      Spirit   .   e - +0 robe
rPois   .          Reflect  .   l - +0 helmet
rElec   .          Harm     .   i - +0 cloak
rCorr   .          Rampage  .   (no gloves)
Will    .....                   (no boots)
Stlth   ++........              (no amulet)
HPRegen 0.13/turn               k - +4 ring of evasion
MPRegen 0.12/turn               (no ring)

@: about to teleport
A: foul stench 1, big brain 1, weakness stinger 1
a: no special abilities


You were on level 3 of the Dungeon.
You visited 1 branch of the dungeon, and saw 3 of its levels.

You collected 124 gold pieces.
You spent 26 gold pieces at shops.

Inventory:

Hand Weapons
 f - a +0 dagger (weapon)
Armour
 e - a +0 robe (worn)
 i - a +0 cloak (worn)
 l - a +0 helmet (worn)
Jewellery
 k - a +4 ring of evasion (left hand)
Wands
 c - a wand of charming (4)
Scrolls
 d - a scroll of teleportation
 h - a scroll of fear {unknown}
 j - a scroll of torment {unknown}
 n - a scroll of immolation {unknown}
 p - 2 scrolls of vulnerability
 u - a scroll of amnesia {unknown}
Potions
 b - a potion of magic
 g - 2 potions of lignification
 m - 2 potions of cancellation
 o - a potion of flight
 q - a potion of brilliance {unknown}
 r - a potion of heal wounds {unknown}
 s - 2 potions of curing {unknown}
 t - 2 potions of mutation {unknown}


   Skills:
 + Level 2.5 Dodging
 - Level 2.0 Stealth
 * Level 3.5 Spellcasting
 + Level 2.1 Conjurations
 + Level 2.1 Transmutations
 + Level 1.9 Air Magic
 * Level 4.4 Poison Magic


You had 2 spell levels left.
You knew the following spells:

 Your Spells              Type           Power      Damage    Failure   Level
a - Sting                 Tmut/Pois      64%        1d6       3%          1
b - Poisonous Vapours     Pois/Air       32%        N/A       5%          2
c - Mephitic Cloud        Conj/Pois/Air  14%        N/A       13%         3
d - Olgreb's Toxic Radia  Pois           21%        N/A       22%         4

Your spell library contained the following spells:

 Spells                   Type           Power      Damage    Failure   Level
 Slow                     Hex            12%        N/A       14%         1
 Ensorcelled Hibernation  Hex/Ice        6%         N/A       21%         2
 Stone Arrow              Conj/Erth      14%        3d7       26%         3
 Confusing Touch          Hex            3%         N/A       38%         3
 Vampiric Draining        Necr           3%         2d6       38%         3
 Animate Armour           Summ/Erth      6%         N/A       80%         4
 Lehudib's Crystal Spear  Conj/Erth      3%         10d3      100%        8


Dungeon Overview and Level Annotations

Branches:
Dungeon (3/15)

Altars:
Cheibriados

Shops:
D:2 (   D:3 *

Annotations:
D:3 Crazy Yiuf


Innate Abilities, Weirdness & Mutations

You may rarely emit foul miasma when damaged in melee.
You have an unusually large brain. (Int +2)
You have a small tail.


Message History

Casting: Sting (safe; 3% risk of failure)
Confirm with . or Enter, or press ? or * to list all spells.
Aiming: Sting (safe; 3% risk of failure)
Press: ? - help, Shift-Dir - straight line, f/p - Crazy Yiuf
Aim: Crazy Yiuf, wielding a +3 quarterstaff of chaos and wearing a +0 cloak (77% to hit)
The sting hits Crazy Yiuf but does no damage.
Crazy Yiuf is poisoned.
Crazy Yiuf hits you with a +3 quarterstaff of chaos.
Crazy Yiuf freezes you.
Crazy Yiuf yells, "Action!"
There is an open door here.
Crazy Yiuf attacks as you move away! Crazy Yiuf closely misses you.
Okay, then.
Crazy Yiuf whimpers, "Fire hog childish!"
Crazy Yiuf looks more healthy.
Crazy Yiuf laughs, "Powder!
Goldfish tea senile."
Crazy Yiuf attacks as you move away! Crazy Yiuf closely misses you.
Crazy Yiuf says, "Whippet verde meccalolo!"
Casting: Sting (safe; 3% risk of failure)
Confirm with . or Enter, or press ? or * to list all spells.
Aiming: Sting (safe; 3% risk of failure)
Press: ? - help, Shift-Dir - straight line, f/p - Crazy Yiuf
Aim: Crazy Yiuf, wielding a +3 quarterstaff of chaos and wearing a +0 cloak (lightly wounded, 77% to hit)
The sting hits Crazy Yiuf but does no damage.
Crazy Yiuf is poisoned.
Crazy Yiuf is lightly wounded.
Crazy Yiuf misses you. Crazy Yiuf attacks as you move away!
Crazy Yiuf hits you with a +3 quarterstaff of chaos.
Crazy Yiuf freezes you.
Crazy Yiuf says, "Seed horse poople!"
Crazy Yiuf attacks as you move away!
Crazy Yiuf hits you with a +3 quarterstaff of chaos.
* * * LOW HITPOINT WARNING * * *
As you read the scroll of teleportation, it crumbles to dust.
You feel strangely unstable. Crazy Yiuf barely misses you.
Okay, then.
Crazy Yiuf attacks as you move away!
Crazy Yiuf hits you with a +3 quarterstaff of chaos!
You die...

#.#.######.#.#
###'#+#....#.#.#########
#.......##.............#
#.......####.#.###...#..
#.......'....#.###...#..
#.......######...#.##..#
#...†............##(#..#
###'#'#.#########....##.
#.#.#@#......#..##.#..
#.#.#g#...###.#.##..#.
#.#.#.#...#..##....##.
#.#.#.#........#.##..#
#.#.#.#..##.#..##.#).#
#.#.#.#.>....##....##.
#.#.#.#..##.##..##.#..
#.#.#.#..##...#.##..#.
#.#.#.#....####....##.


You could see Crazy Yiuf (poisoned).

Vanquished Creatures
  An orc priest (D:3)
  Jessica (D:2)
  An iguana (D:3)
  5 adders
  3 gnolls (D:3)
  3 dart slugs
  2 worms (D:3)
  3 orcs (D:3)
  4 bats
  3 endoplasms
  3 giant cockroaches
  2 goblins (D:3)
  3 hobgoblins (D:1)
  A quokka (D:2)
  2 ball pythons (D:2)
  5 frilled lizards
  9 kobolds
  3 rats
54 creatures vanquished.

Vanquished Creatures (collateral kills)
  Sigmund (D:3)
1 creature vanquished.

Vanquished Creatures (others)
  A quokka (D:2)
  5 plants (D:2)
6 creatures vanquished.

Grand Total: 61 creatures vanquished

Notes
Turn   | Place    | Note
-------+----------+-------------------------------------------
     0 | D:1      | wakxed the Demonspawn Venom Mage began the quest for the
                  | Orb.
     0 | D:1      | Reached XP level 1. HP: 13/13 MP: 3/3
   103 | D:1      | Found a faded altar of an unknown god.
   111 | D:1      | Reached skill level 1 in Transmutations
   302 | D:1      | Gained mutation: You may rarely emit foul miasma when
                  | damaged in melee. [demonic ancestry]
   302 | D:1      | Reached XP level 2. HP: 19/19 MP: 3/5
  1218 | D:2      | Learned a level 2 spell: Poisonous Vapours
  1225 | D:2      | Found Barroal's Antique Weapon Shoppe.
  1262 | D:2      | Reached XP level 3. HP: 21/24 MP: 4/6
  1500 | D:2      | Noticed Jessica
  1509 | D:2      | Killed Jessica
  1510 | D:2      | Reached skill level 1 in Conjurations
  1510 | D:2      | Reached skill level 1 in Air Magic
  1518 | D:2      | Got Jessica's Octavo of Ensorcelling
  1719 | D:2      | Gained mutation: You have a small tail. [demonic ancestry]
  1719 | D:2      | Reached XP level 4. HP: 30/30 MP: 3/7
  1723 | D:2      | Learned a level 3 spell: Mephitic Cloud
  2231 | D:3      | Found a faded altar of an unknown god.
  2696 | D:3      | Reached XP level 5. HP: 22/35 MP: 7/9
  2947 | D:3      | Reached skill level 4 in Poison Magic
  2974 | D:3      | Learned a level 4 spell: Olgreb's Toxic Radiance
  3044 | D:3      | Found a runed translucent door.
  3045 | D:3      | Noticed Crazy Yiuf
  3182 | D:3      | Noticed Sigmund
  3236 | D:3      | Found Byvaafoh's General Store.
  3244 | D:3      | Bought a scroll of identify for 26 gold pieces
  3467 | D:3      | Killed Sigmund
  3468 | D:3      | Gained mutation: You have an unusually large brain. (Int
                  | +2) [demonic ancestry]
  3468 | D:3      | Reached XP level 6. HP: 33/41 MP: 7/11
  3714 | D:3      | Found a snail-covered altar of Cheibriados.
  3916 | D:3      | Mangled by Crazy Yiuf

Illustrated notes

Levels and vault maps discovered:
D:1:      sevenhm_arrival_forest_fort_large_2, layout_basic,
          shapermc_ecumenical_altar_starsandcircs, minmay_pentomino_z2
D:2:      wad_lake_hut, layout_basic, serial_shops, shop,
          kennysheep_jessica_study, uniq_jessica
D:3:      layout_basic, nicolae_overflow_ecumenical_swirl, serial_shops,
          nicolae_shop_stone, nicolae_eternal_life, uniq_sigmund,
          uniq_crazy_yiuf_cottage

Skill      XL: |  1  2  3  4  5 |
---------------+----------------+-----
Transmutations | 1 2 |  2.1
Stealth        | 2 |  2.0
Dodging        | 2 |  2.5
Conjurations   | 1 2 |  2.1
Air Magic      | 1 |  1.9
Spellcasting   | 3 |  3.5
Poison Magic   | 4 |  4.4

Action                   |  1- 3 |  4- 6 || total
-------------------------+-------+-------++-------
Melee: Dagger            |    34 |    42 ||    76
       Tailslap          |       |     7 ||     7
 Cast: Sting             |    33 |    20 ||    53
       Poisonous Vapours |       |    26 ||    26
Evoke: Wand              |     1 |       ||     1
  Use: Scroll            |     5 |     6 ||    11
Armor: Robe              |     9 |     5 ||    14
Dodge: Dodged            |    47 |    40 ||    87
